 Dungeon Crawl Stone Soup version 0.26-a0-30-g56b8cd3df0 (webtiles) character file.

Game seed: 6120777697489730540, levelgen mode: deterministic

2819 MisterFreud the Frost Mage (level 9, -20/66 HPs)
             Began as a Gnoll Ice Elementalist on May 28, 2020.
             Was a Believer of Ashenzari.
             Engulfed by Harold's freezing vapour (22 damage)
             ... on level 7 of the Dungeon.
             The game lasted 00:15:32 (7978 turns).

MisterFreud the Frost Mage (Gnoll Ice Elementalist) Turns: 7978, Time: 00:15:34

Health: -20/66     AC:  2    Str: 10    XL:     9   Next: 72%
Magic:  14/19      EV: 14    Int: 20    God:    Ashenzari [**....]
Gold:   191        SH: 14    Dex: 17    Spells: 14/21 levels left

rFire    + + .     SeeInvis .   k - +4 falchion "Jicvot" {freeze, *Contam rPois rF+ rN+} (curse)
rCold    x . .     Gourm    .   w - +0 kite shield (curse)
rNeg     + . .     Faith    .   a - +0 robe
rPois    +         Spirit   .   (no helmet)
rElec    .         Reflect  +   (no cloak)
rCorr    .         Harm     .   (no gloves)
MR       .....                  (no boots)
Stlth    +++.......             I - amulet of reflection
HPRegen  0.21/turn              x - ring of fire
MPRegen  0.16/turn              (no ring)

@: marked, frozen ramparts, very slightly contaminated
A: distributed training, fangs 1, strong nose
a: Curse Item, Scrying, Renounce Religion


You were on level 7 of the Dungeon.
You worshipped Ashenzari.
Ashenzari was pleased with you.
You were not hungry.

You visited 2 branches of the dungeon, and saw 8 of its levels.

You collected 327 gold pieces.
You spent 136 gold pieces at shops.

Inventory:

Hand Weapons
 k - the cursed +4 falchion "Jicvot" (weapon) {freeze, *Contam rPois rF+ rN+}
   (You found it on level 4 of the Dungeon)

   It has been specially enchanted to freeze those struck by it, causing extra
   injury to most foes and up to half again as much damage against particularly
   susceptible opponents.
   It can also slow down cold-blooded creatures.
   It protects you from fire.
   It protects you from poison.
   It protects you from negative energy.
   It causes magical contamination when unequipped.
   It has a curse placed upon it.
 n - a +0 club
 p - a +0 vorpal spear
 y - a +2 falchion of holy wrath
 A - a +2 hand axe of freezing
Missiles
 d - 9 boomerangs (quivered)
 e - 248 stones
 g - 52 sling bullets
 j - 32 bolts
 C - 13 poisoned darts
 H - 102 arrows
 J - a throwing net
Armour
 a - a +0 robe (worn)
 r - the +4 ring mail of Hacuz {rC+}
   (You found it on level 4 of the Dungeon)

   It protects you from cold.
 w - a cursed +0 kite shield (worn)
Jewellery
 x - a ring of fire (left hand)
 I - an amulet of reflection (around neck)
Wands
 D - a wand of random effects (11)
Scrolls
 b - 2 scrolls of remove curse
 m - 2 scrolls of immolation {unknown}
 o - 4 scrolls of magic mapping {unknown}
 q - 4 scrolls of enchant armour {unknown}
 s - 3 scrolls of fog
 t - 2 scrolls of amnesia {unknown}
 u - 3 scrolls of fear {unknown}
 B - a scroll of teleportation {unknown}
 G - 3 scrolls of blinking
Potions
 f - a potion of flight {unknown}
 h - 2 potions of brilliance
 i - 2 potions of might
 l - a potion of heal wounds
 v - a potion of berserk rage {unknown}
 z - 3 potions of mutation
 E - 2 potions of lignification
 F - a potion of resistance {unknown}
 L - 2 potions of curing
 M - a potion of cancellation {unknown}
Comestibles
 c - 9 rations


   Skills:
 + Level 4.4 Fighting
 + Level 4.4 Short Blades
 + Level 4.4(6.6) Long Blades
 + Level 4.4 Axes
 + Level 4.4 Maces & Flails
 + Level 4.4 Polearms
 + Level 4.4 Staves
 + Level 4.4 Slings
 + Level 4.4 Bows
 + Level 4.4 Crossbows
 + Level 4.4 Throwing
 + Level 4.4 Armour
 + Level 6.4 Dodging
 + Level 6.2 Stealth
 + Level 4.4(5.8) Shields
 + Level 4.4 Unarmed Combat
 + Level 6.7 Spellcasting
 + Level 3.6 Conjurations
 + Level 3.6 Hexes
 + Level 3.6 Charms
 + Level 3.6 Summonings
 + Level 3.6 Necromancy
 + Level 3.6 Translocations
 + Level 3.6 Transmutations
 + Level 3.6 Fire Magic
 + Level 8.1 Ice Magic
 + Level 3.6 Air Magic
 + Level 3.6 Earth Magic
 + Level 3.6 Poison Magic
 + Level 4.9 Invocations
 + Level 4.4 Evocations


You had 14 spell levels left.
You knew the following spells:

 Your Spells              Type           Power        Failure   Level  Hunger
a - Freeze                Ice            ####         1%          1    None
b - Frozen Ramparts       Ice            #####.       3%          3    #......
c - Ozocubu's Armour      Chrm/Ice       ####....     9%          3    #......

Your spell library contained the following spells:

 Spells                   Type           Power        Failure   Level  Hunger
 Hailstorm                Conj/Ice       ####....     26%         4    ###....
 Summon Ice Beast         Ice/Summ       ####....     26%         4    ###....


Dungeon Overview and Level Annotations

Branches:
Dungeon (7/15)             Temple (1/1) D:4

Altars:
Ashenzari
Gozag
Nemelex Xobeh
Okawaru
Qazlal
Sif Muna
Trog
Uskayaw
Zin
The Shining One

Shops:
D:4 ?

Annotations:
D:5 exclusion: ice beast
D:7 Harold


Innate Abilities, Weirdness & Mutations

Your experience applies equally to all skills.
You have very sharp teeth.
Your uncanny sense of smell can sniff out nearby items.


Message History

Harold casts a spell at you. A sentinel's mark forms upon you.
Casting: Frozen Ramparts (dangerous; 3% risk of failure)
Confirm with . or Enter, or press ? or * to list all spells.
The walls around you are covered in ice.
The wall freezes Harold.
Harold zaps a wand.
Harold creates a blast of freezing vapour!
The wall freezes the iguana.
Unknown command.
You are engulfed in freezing vapours.
Ouch! That really hurt!
The wall freezes Harold.
Harold thinks, and says "Perhaps I'll take up writing after I'm done here..."
The wall freezes the iguana.
You are engulfed in freezing vapours.
* * * LOW HITPOINT WARNING * * *
The wall freezes Harold!
The wall freezes the iguana.
The iguana seems to slow down.
You are engulfed in freezing vapours.
You die...

#.# #.##.#.......## #.#
#[##.#..####.## #.####
#.##.#...>..... #....##
#....##.####... ##.....##
#######.# ####
#.......##########<#
#.............@..#.#
#.......########.#.#
####.......@ยงยงยง@l..#.#
#.......#########..#.#
#.####### #..#.# #.#
#l.#.# #.# #.##.# #.#
#.##.# #.# #.#..#######
#.# ** #.#......... #.#
#.. , ,#.########


You could see Harold and an iguana (slow).

Vanquished Creatures
  Sigmund (D:6)
  Eustachio (D:6)
  Edmund (D:5)
  Duvessa (D:5)
  A black bear (D:7)
  3 ogres
  3 centaurs
  3 bullfrogs
  A big kobold (D:7)
  Blork the orc (D:6)
  Dowan (D:5)
  A howler monkey (D:5)
  A bullfrog zombie (D:7)
  A quasit (D:6)
  7 hounds
  5 orc wizards
  5 orc priests
  A bullfrog skeleton (D:6)
  Natasha (thrice) (D:3)
  2 iguanas
  10 worker ants
  3 worker ant zombies
  14 adders
  4 gnolls (D:7)
  2 shadow imps (D:6)
  2 oozes
  2 worms
  A dart slug (D:3)
  7 leopard geckos
  22 orcs
  8 bats
  5 giant cockroaches
  8 goblins
  8 hobgoblins
  5 jackals
  5 quokkas
  3 ball pythons
  6 frilled lizards
  8 kobolds
  A leopard gecko skeleton (D:6)
  A quokka zombie (D:5)
  11 rats
179 creatures vanquished.

Vanquished Creatures (others)
  An orc (D:7)
1 creature vanquished.

Grand Total: 180 creatures vanquished

Notes
Turn   | Place    | Note
-------+----------+-------------------------------------------
     0 | D:1      | MisterFreud the Gnoll Ice Elementalist began the quest for
                  | the Orb.
     0 | D:1      | Reached XP level 1. HP: 13/13 MP: 6/6
   259 | D:1      | Reached XP level 2. HP: 19/19 MP: 3/7
   733 | D:1      | Reached XP level 3. HP: 25/25 MP: 5/9
   854 | D:1      | Reached skill level 5 in Spellcasting
  1114 | D:2      | Reached skill level 1 in Invocations
  1220 | D:2      | Reached skill level 1 in Fighting
  1220 | D:2      | Reached skill level 1 in Short Blades
  1220 | D:2      | Reached skill level 1 in Long Blades
  1220 | D:2      | Reached skill level 1 in Axes
  1220 | D:2      | Reached skill level 1 in Maces & Flails
  1220 | D:2      | Reached skill level 1 in Polearms
  1220 | D:2      | Reached skill level 1 in Staves
  1220 | D:2      | Reached skill level 1 in Slings
  1220 | D:2      | Reached skill level 1 in Bows
  1220 | D:2      | Reached skill level 1 in Crossbows
  1220 | D:2      | Reached skill level 1 in Throwing
  1220 | D:2      | Reached skill level 1 in Armour
  1220 | D:2      | Reached skill level 1 in Shields
  1220 | D:2      | Reached skill level 1 in Unarmed Combat
  1220 | D:2      | Reached skill level 1 in Evocations
  1220 | D:2      | Reached XP level 4. HP: 32/32 MP: 8/11
  1290 | D:2      | Learned a level 3 spell: Frozen Ramparts
  1294 | D:2      | Learned a level 3 spell: Ozocubu's Armour
  1665 | D:2      | Reached skill level 1 in Conjurations
  1665 | D:2      | Reached skill level 1 in Hexes
  1665 | D:2      | Reached skill level 1 in Charms
  1665 | D:2      | Reached skill level 1 in Summonings
  1665 | D:2      | Reached skill level 1 in Necromancy
  1665 | D:2      | Reached skill level 1 in Translocations
  1665 | D:2      | Reached skill level 1 in Transmutations
  1665 | D:2      | Reached skill level 1 in Fire Magic
  1665 | D:2      | Reached skill level 1 in Air Magic
  1665 | D:2      | Reached skill level 1 in Earth Magic
  1665 | D:2      | Reached skill level 1 in Poison Magic
  1890 | D:2      | Reached XP level 5. HP: 35/37 MP: 8/12
  2140 | D:3      | Noticed Natasha
  2158 | D:3      | Killed Natasha
  2364 | D:3      | Reached XP level 6. HP: 41/44 MP: 10/13
  2394 | D:3      | Found a glowing silver altar of Zin.
  2463 | D:3      | Noticed Sigmund
  2494 | D:3      | Noticed Natasha
  2500 | D:3      | Killed Natasha
  2500 | D:3      | Reached skill level 5 in Dodging
  2511 | D:3      | Noticed Natasha
  2515 | D:3      | Killed Natasha
  2796 | D:4      | Found Pitwas's Magic Scroll Shop.
  2872 | D:4      | Bought a scroll of blinking for 97 gold pieces
  2928 | D:4      | Got an encrusted ring mail
  2981 | D:4      | Reached XP level 7. HP: 39/50 MP: 11/15
  3143 | D:4      | Found a staircase to the Ecumenical Temple.
  3326 | Temple   | Entered the Ecumenical Temple
  3341 | Temple   | Became a worshipper of Ashenzari the Shackled
  3386 | D:4      | Reached skill level 5 in Stealth
  3424 | D:4      | Bought a scroll of remove curse for 39 gold pieces
  3784 | D:5      | Entered Level 5 of the Dungeon
  3813 | D:5      | Reached XP level 8. HP: 36/57 MP: 13/16
  3966 | D:4      | Got the falchion "Jicvot" {freeze, *Contam rPois rF+ rN+}
  3967 | D:4      | Identified the +4 falchion "Jicvot" {freeze, *Contam rPois
                  | rF+ rN+} (You found it on level 4 of the Dungeon)
  4475 | D:5      | Noticed Duvessa
  4524 | D:5      | Noticed Edmund
  4534 | D:5      | Noticed Dowan
  4539 | D:5      | Killed Dowan
  4543 | D:5      | Killed Edmund
  4565 | D:5      | Killed Duvessa
  4737 | D:5      | Reached * piety under Ashenzari
  5799 | D:6      | Reached XP level 9. HP: 54/65 MP: 14/18
  5892 | D:6      | Killed Sigmund
  6243 | D:6      | Noticed Blork the orc
  6252 | D:6      | Killed Blork the orc
  6330 | D:6      | Noticed Eustachio
  6338 | D:6      | Killed Eustachio
  6338 | D:6      | Reached skill level 8 in Ice Magic
  7020 | D:7      | Reached ** piety under Ashenzari
  7657 | D:7      | Noticed Harold
  7977 | D:7      | HP: 2/66 [Harold] (27)]
  7978 | D:7      | Engulfed by Harold's freezing vapour

Illustrated notes

Levels and vault maps discovered:
D:1:      dpeg_arrival_ratfight, layout_rooms
D:2:      layout_basic, corexii_hall_statues_deadend, minmay_misc_feat_pillars,
          serial_bayou_pond_d, grunt_ministairs_14, roderic_filled_cross,
          minmay_pentomino_p4
D:3:      layout_rooms, overflow_temple_1_default, serial_bayou_pond_e,
          uniq_natasha, uniq_sigmund
D:4:      layout_cave_pools, minmay_temple_entry_mini_moons, serial_shops,
          shop_fountains, first_ration, fountainhead
D:5:      layout_loops_corners, st_stairs_12, uniq_edmund, uniq_duvessa
D:6:      layout_gridville, minmay_increasing_density, uniq_blork_the_orc,
          uniq_eustachio
D:7:      layout_loops_ring, uniq_harold
Temple:   compressed_dpeg_triangle_lava_temple

Skill      XL: |  1  2  3  4  5  6  7  8  9 |
---------------+----------------------------+-----
Spellcasting   | 5 6 |  6.7
Invocations    | 1 2 3 4 |  4.9
Fighting       | 1 2 3 4 |  4.4
Short Blades   | 1 2 3 4 |  4.4
Long Blades    | 1 2 3 4 |  4.4
Axes           | 1 2 3 4 |  4.4
Maces & Flails | 1 2 3 4 |  4.4
Polearms       | 1 2 3 4 |  4.4
Staves         | 1 2 3 4 |  4.4
Slings         | 1 2 3 4 |  4.4
Bows           | 1 2 3 4 |  4.4
Crossbows      | 1 2 3 4 |  4.4
Throwing       | 1 2 3 4 |  4.4
Armour         | 1 2 3 4 |  4.4
Shields        | 1 2 3 4 |  4.4
Unarmed Combat | 1 2 3 4 |  4.4
Evocations     | 1 2 3 4 |  4.4
Conjurations   | 1 2 3 |  3.6
Hexes          | 1 2 3 |  3.6
Charms         | 1 2 3 |  3.6
Summonings     | 1 2 3 |  3.6
Necromancy     | 1 2 3 |  3.6
Translocations | 1 2 3 |  3.6
Transmutations | 1 2 3 |  3.6
Fire Magic     | 1 2 3 |  3.6
Air Magic      | 1 2 3 |  3.6
Earth Magic    | 1 2 3 |  3.6
Poison Magic   | 1 2 3 |  3.6
Dodging        | 5 6 |  6.4
Stealth        | 5 6 |  6.2
Ice Magic      | 8 |  8.1

Action                   |  1- 3 |  4- 6 |  7- 9 || total
-------------------------+-------+-------+-------++-------
Melee: Spear             |    15 |    62 |    19 ||    96
       Bite              |     1 |     7 |    12 ||    20
       Punch             |       |     1 |       ||     1
       Falchion          |       |       |   139 ||   139
Throw: Boomerang         |    13 |     2 |       ||    15
 Cast: Freeze            |    38 |    12 |     3 ||    53
       Frozen Ramparts   |       |    23 |    35 ||    58
Invok: Curse Item        |       |       |     2 ||     2
  Use: Scroll            |     2 |     3 |     2 ||     7
 Stab: Sleeping          |     3 |     2 |    13 ||    18
  Eat: Chunk             |     1 |     6 |    14 ||    21
       Ration            |       |       |     1 ||     1
Armor: Robe              |     4 |     8 |     9 ||    21
Dodge: Dodged            |    11 |    57 |    79 ||   147
Block: Kite shield       |       |       |   125 ||   125
       Other             |       |       |     2 ||     2
       Reflection        |       |       |     9 ||     9
       Rpst.: Falchion   |       |       |    13 ||    13

Table legend:
 A = Non-vault XP
 B = Vault XP
 C = Vault XP percentage of total XP
 D = Non-vault monster count
 E = Vault monster count
 F = Vault count percentage of total count
                 A         B        C        D         E       F
            +---------+---------+-------+---------+---------+-------
      Total |    2847 |    1181 |  29.3 |     156 |      23 |  12.8
            +---------+---------+-------+---------+---------+-------
        D:1 |      34 |       5 |  12.8 |      20 |       5 |  20.0
        D:2 |     119 |      17 |  12.5 |      24 |       4 |  14.3
        D:3 |     282 |      36 |  11.3 |      36 |       1 |   2.7
        D:4 |     591 |       0 |   0.0 |      17 |       0 |   0.0
        D:5 |     489 |     412 |  45.7 |      15 |       4 |  21.1
        D:6 |     640 |     711 |  52.6 |      23 |       9 |  28.1
        D:7 |     692 |       0 |   0.0 |      21 |       0 |   0.0
            +---------+---------+-------+---------+---------+-------
